 Dungeon Crawl Stone Soup version 0.32-a0-909-gc671339a80 (webtiles) character file.

Game seed: 8981486938596899678

175 dialectric the Trooper (level 5, -5/42 HPs)
             Began as a Demonspawn Fighter on Apr 6, 2024.
             Slain by a lemure (7 damage)
             ... led by Pikel
             ... on level 3 of the Dungeon.
             The game lasted 00:03:11 (2623 turns).

dialectric the Trooper (Demonspawn Fighter)         Turns: 2623, Time: 00:03:11

Health: -5/42      AC: 12    Str: 23    XL:     5   Next: 29%
Magic:  5/5        EV:  9    Int:  8    God:
Gold:   107        SH:  0    Dex: 12    Spells: 4/4 levels left

rFire   + + .        o - +2 flail (holy)
rCold   + . .        (no shield)
rNeg    . . .        b - +0 scale mail
rPois   +            (no helmet)
rElec   +            v - +0 cloak of the Leaf {rF+ Will+ Str+4}
rCorr   +            e - +0 pair of gloves
SInv    .            k - +0 pair of boots
Will    +....        (no amulet) Stlth
                     (no ring)
HPRegen 0.27/turn    (no ring)
MPRegen 0.09/turn

%: no passive effects
@: resistant, attractive
A: hooves 1, molten scales 1, demonic guardian 1, powered by death 1
a: no special abilities


You were on level 3 of the Dungeon.
You visited 1 branch of the dungeon, and saw 4 of its levels.

You collected 107 gold pieces.

Inventory:

Hand Weapons
 a - a +0 flail
 o - a +2 flail of holy wrath (weapon)
Missiles
 r - 6 javelins (quivered)
Armour
 b - a +0 scale mail (worn)
 c - a +0 buckler
 e - a +0 pair of gloves (worn)
 k - a +0 pair of boots (worn)
 v - the +0 cloak of the Leaf (worn) {rF+ Will+ Str+4}
   (You found it on level 3 of the Dungeon)

   Str+4:     It affects your strength (+4).
   rF+:       It protects you from fire.
   Will+:     It increases your willpower.
Jewellery
 j - a ring of willpower
 s - an amulet of magic regeneration
Scrolls
 g - 2 scrolls of identify {unknown}
 p - a scroll of butterflies {unknown}
 q - a scroll of vulnerability {unknown}
Potions
 d - a potion of might
 h - a potion of resistance
 i - a potion of lignification {unknown}
 l - a potion of brilliance {unknown}
 m - a potion of mutation {unknown}
 t - a potion of curing {unknown}
 u - a potion of degeneration {unknown}


   Skills:
 + Level 4.0 Fighting
 + Level 2.9 Maces & Flails
 + Level 3.5 Armour
 + Level 2.1 Dodging
 - Level 2.6 Shields


You had 4 spell levels left.
You didn't know any spells.
Your spell library contained the following spells:

 Spells                   Type           Power      Damage    Failure   Level
 Cigotuvi's Dreadful Rot  Necr/Alch/Air  0%         N/A       85%         2
 Ignite Poison            Fire/Alch      0%         N/A       100%        4
 Olgreb's Toxic Radiance  Alch           0%         N/A       100%        4
 Freezing Cloud           Conj/Ice/Air   0%         6-21      100%        5
 Ozocubu's Refrigeration  Ice            0%         4d7       100%        7
 Discord                  Hex            0%         N/A       100%        8


Dungeon Overview and Level Annotations

Branches:
Dungeon (4/15)
 Temple: D:4-7

Altars:
Cheibriados
Dithmenos
Uskayaw

Shops:
D:2 =

Annotations:
D:3 Edmund, Pikel


Innate Abilities, Weirdness & Mutations

You have large cloven feet.
You are partially covered in molten scales. (AC +2)
A weak demonic guardian rushes to your aid.
You regenerate a little health from kills.


Message History

Your ufetubus hits Pikel but does no damage.
Your ufetubus misses Pikel. The lemure closely misses you.
Edmund hits you but does no damage.
Pikel hits you with a +1 whip of freezing.
* * * LOW HITPOINT WARNING * * *
Pikel freezes you.
* * * LOW HITPOINT WARNING * * *
Your ufetubus closely misses Pikel.
Your ufetubus hits Pikel. The lemure hits you but does no damage.
Your ufetubus slips past Pikel!
Your ufetubus barely misses Pikel.
Your ufetubus misses Pikel. Edmund hits you but does no damage.
Pikel misses your ufetubus.
You see here a +0 dagger.
Your ufetubus closely misses Pikel.
Your ufetubus barely misses Pikel.
The lemure hits you but does no damage.
Your ufetubus barely misses Pikel.
Your ufetubus closely misses Pikel.
Edmund attacks as he pursues you! Edmund closely misses you.
The lemure attacks as it pursues you! The lemure hits you.
* * * LOW HITPOINT WARNING * * *
A demonic guardian appears!
Your ufetubus hits Pikel.
Your ufetubus hits Pikel but does no damage.
Your ufetubus hits Pikel but does no damage.
Your ufetubus misses Pikel.
Your shadow imp hits the lemure.
Your ufetubus misses Pikel. x2
Pikel says, "You'll make a fine lemure."
Your shadow imp hits Edmund.
Your ufetubus closely misses Pikel.
Your ufetubus misses Pikel. The lemure attacks as it pursues you!
The lemure barely misses you.
It was a potion of resistance.
You feel protected. The lemure closely misses you.
Your ufetubus hits Pikel but does no damage.
Your ufetubus barely misses Pikel.
Pikel hits your shadow imp with a +1 whip of freezing!
Your shadow imp dies!
Your shadow imp disappears in a puff of smoke!
It was a potion of attraction.
You feel attractive to monsters.
Your ufetubus hits Pikel but does no damage.
Your ufetubus misses Pikel. The lemure hits you!
You die...

#......................#
#.#
#####...####.##...####.#
#.# ##.## #.###.## #.#
#.# #.# #.....#
#.####.### #.# #..##.#
#......... #.# #..##.#
######.### #.#
#..##.##########.#
#####.#
#..##ยง...>.......#
#.....#
#..@5@K5).########
#.##### #.#######.# #.#
#.# #.# #.# #.# #.# #.#
#.# #.# #.# ##.# ##.####
#.# ##..# #.....# #.#
####..<######.###.# #.#
#.............# #.#


You could see Edmund, Pikel (ally target), a lemure and a friendly ufetubus
(summoned).

Vanquished Creatures
  3 lemures (D:3)
  A bombardier beetle (D:3)
  An orc priest (D:3)
  Terence (D:2)
  An adder (D:3)
  A dart slug (D:2)
  9 orcs (D:3)
  A ball python (D:2)
  15 bats
  5 endoplasms
  2 giant cockroaches (D:1)
  7 goblins
  6 hobgoblins
  A kobold (D:2)
  2 quokkas (D:3)
  5 frilled lizards
  2 rats
63 creatures vanquished.

Notes
Turn   | Place    | Note
-------+----------+-------------------------------------------
     0 | D:1      | dialectric the Demonspawn Fighter began the quest for the
                  | Orb.
     0 | D:1      | Reached XP level 1. HP: 18/18 MP: 1/1
   166 | D:1      | Gained mutation: You regenerate a little health from kills.
                  | [demonic ancestry]
   166 | D:1      | Reached XP level 2. HP: 24/24 MP: 2/2
   758 | D:2      | Reached skill level 1 in Dodging
   780 | D:2      | Gained mutation: You are partially covered in molten
                  | scales. (AC +2) [demonic ancestry]
   780 | D:2      | Reached XP level 3. HP: 29/29 MP: 3/3
   940 | D:2      | Noticed Terence
   956 | D:2      | Killed Terence
  1153 | D:2      | Found Paeblim's Jewellery Shoppe.
  1305 | D:3      | Identified the +3 leather armour of the Secret Beds {rElec}
  1325 | D:3      | Found a snail-covered altar of Cheibriados.
  1325 | D:3      | Found a shadowy altar of Dithmenos.
  1327 | D:3      | Found a hide-covered altar of Uskayaw.
  1572 | D:3      | Gained mutation: You have large cloven feet. [demonic
                  | ancestry]
  1572 | D:3      | Reached XP level 4. HP: 35/35 MP: 4/4
  1920 | D:3      | Identified the +1 sling of the Pharaoh's Fist {freeze, rC+
                  | Will- Int+3}
  2070 | D:3      | Gained mutation: A weak demonic guardian rushes to your
                  | aid. [demonic ancestry]
  2070 | D:3      | Reached XP level 5. HP: 42/42 MP: 5/5
  2099 | D:3      | Identified the +0 cloak of the Leaf {rF+ Will+ Str+4}
  2365 | D:4      | Noticed a black bear
  2388 | D:3      | Reached skill level 4 in Fighting
  2545 | D:4      | Noticed Pikel
  2545 | D:4      | Noticed a lemure
  2545 | D:4      | Noticed a lemure
  2545 | D:4      | Noticed a lemure
  2545 | D:4      | Noticed a lemure
  2545 | D:4      | Noticed Edmund
  2559 | D:3      | Killed a lemure
  2570 | D:3      | Killed a lemure
  2580 | D:3      | Killed a lemure
  2618 | D:3      | HP: 1/42 [lemure[Pikel] (3)]
  2623 | D:3      | Slain by a lemure

Illustrated notes

Levels and vault maps discovered:
D:1:      dpeg_arrival_round_c, layout_basic
D:2:      layout_loops_ring, serial_shops, nicolae_shop_crystal,
          grunt_ministairs_7, uniq_terence
D:3:      layout_loops_ring, grunt_temple_overflow_open, chequers_big_river,
          minmay_misc_feat_encased, roderic_batcave
D:4:      layout_rooms, mainiacjoe_overflow_cross_hatched,
          mainiacjoe_overflow_catwalk_spiral, uniq_ijyb, uniq_pikel, uniq_edmund

Skill      XL: |  1  2  3  4  5 |
---------------+----------------+-----
Maces & Flails | 2 |  2.9
Armour         | 3 |  3.5
Dodging        | 1 2 |  2.1
Fighting       | 4 |  4.0
Shields        | |  2.6

Action                     |  1- 3 |  4- 6 || total
---------------------------+-------+-------++-------
  Melee: Flail             |   104 |   104 ||   208
    Use: Scroll            |       |     2 ||     2
         Potion            |       |     2 ||     2
 Armour: Scale mail        |    92 |   172 ||   264
  Dodge: Dodged            |    56 |   109 ||   165

Table legend: (Time is in decaauts)
 A = Elapsed time spent in this place.
 B = Non-inter-level travel time spent in this place.
 C = Inter-level travel time spent in this place.
 D = Time resting spent in this place.
 E = Time spent auto-exploring this place.
 F = Levels seen in this place.
 G = Mean time per level.
                   A        B        C        D        E       F      G
               +--------+--------+--------+--------+--------+-----+--------+
         Total |   2695 |   2613 |     82 |     33 |   1956 |   4 |  673.8 |
       Dungeon |   2695 |   2613 |     82 |     33 |   1956 |   4 |  673.8 |
               +--------+--------+--------+--------+--------+-----+--------+

Top non-repeatable levels by time:
     D:3: 1389 daAuts
     D:2: 686 daAuts
     D:1: 605 daAuts
     D:4: 13 daAuts
